 Dungeon Crawl Stone Soup version 0.20.1-1-g8b1a95d (webtiles) character file.

25 wnhky the Sneak (level 2, -1/14 HPs)
             Began as a Spriggan Enchanter on Sept 22, 2017.
             Slain by a dart slug (3 damage)
             ... on level 1 of the Dungeon.
             The game lasted 00:02:29 (907 turns).

wnhky the Sneak (Spriggan Enchanter)                 Turns: 907, Time: 00:02:29

Health: -1/14      AC:  2    Str:  4    XL:     2   Next: 82%
Magic:  1/6        EV: 18    Int: 16    God:
Gold:   25         SH:  5    Dex: 16    Spells: 3/6 levels left

rFire    . . .     SeeInvis +   a - +1 dagger
rCold    . . .     Gourm    .   (shield restricted)
rNeg     . . .     Faith    .   b - +0 robe
rPois    .         Spirit   .   (helmet restricted)
rElec    .         Reflect  +   (no cloak)
rCorr    .         Harm     .   (gloves unavailable)
MR       .....                  (boots unavailable)
Stlth    +++.......             l - +5 amulet of reflection
Regen    0.1/turn               (no ring)
MPRegen  0.1/turn               (no ring)

@: very slightly contaminated, very quick
A: unfitting armour, see invisible, herbivore 3, speed 3, slow metabolism 2
a: no special abilities


You were on level 1 of the Dungeon.
You were not hungry.

You visited 1 branch of the dungeon, and saw 1 of its levels.

You collected 25 gold pieces.

Inventory:

Hand Weapons
 a - a +1 dagger (weapon)
Armour
 b - a +0 robe (worn)
Jewellery
 l - a +5 amulet of reflection (around neck)
Scrolls
 e - a scroll of random uselessness {unknown}
 j - a scroll of teleportation {unknown}
 k - a scroll of enchant weapon {unknown}
Potions
 f - a potion of resistance {unknown}
 g - a potion of lignification {unknown}
 i - a potion of heal wounds {unknown}
Books
 c - a book of Maledictions

   Spells                             Type                      Level
   a - Corona                         Hexes                        1
   b - Ensorcelled Hibernation        Hexes/Ice                    2
   c - Confuse                        Hexes                        3
   d - Tukima's Dance                 Hexes                        3
   e - Dazzling Spray                 Conjuration/Hexes            3
Comestibles
 d - a bread ration
 h - 4 fruits


   Skills:
 + Level 0.5 Fighting
 * Level 1.7 Short Blades
 + Level 3.3 Dodging
 * Level 4.7 Stealth
 + Level 2.8 Spellcasting
 + Level 3.9 Hexes


You had 3 spell levels left.
You knew the following spells:

 Your Spells              Type           Power        Failure   Level  Hunger
a - Corona                Hex            ###....      3%          1    #......
b - Ensorcelled Hibernat  Hex/Ice        #.....       13%         2    ##.....


Dungeon Overview and Level Annotations

Branches:
Dungeon (1/15)

Altars:


Innate Abilities, Weirdness & Mutations

You are very small and have problems with some larger weapons.
You are too small for most types of armour.
You have supernaturally acute eyesight. (SInv)
You are a herbivore.
You cover ground extremely quickly.
You need consume almost no food.


Message History

The dart slug is lightly wounded.
The bat completely misses you.
You hit the dart slug but do no damage.
The dart slug is lightly wounded.
The bat hits you. The dart slug closely misses you.
You hit the dart slug.
The dart slug is lightly wounded.
The bat barely misses you. The bat misses you.
The dart slug closely misses you.
You hit the dart slug but do no damage.
The dart slug is lightly wounded.
The bat closely misses you. The kobold misses you. You block the bat's attack.
You hit the dart slug.
The dart slug is moderately wounded.
You block the bat's attack. The kobold hits you with a dagger.
* * * LOW HITPOINT WARNING * * *
The dart slug bites you but does no damage.
You block the kobold's attack. The dart slug bites you.
You die...

.#.#.#.# #..# .#.#.#.#
####.>## .#.#.#.# #......#
.....#.#####......#
##.#.#.##.........#
.......##'##......#
.#.#.###≈≈†#......# .
..K....+≈≈≈+......# ...
.#)#.###≈≈≈#....@.######....
.#.#.####+##....bw'.........
.................K#.........
.#.#..........)...#.†.......
.#.#....).........#.........
.#)#.............##.........
.#....##########.#####......
###.## #.# ...... #.# #.#
......


You could see a dart slug, a bat and a kobold.

Vanquished Creatures
  3 dart slugs (D:1)
  A leopard gecko (D:1)
  A goblin (D:1)
  7 hobgoblins (D:1)
  2 bats (D:1)
  2 frilled lizards (D:1)
  A rat (D:1)
17 creatures vanquished.

Notes
Turn   | Place    | Note
-------+----------+-------------------------------------------
     0 | D:1      | wnhky the Spriggan Enchanter began the quest for the Orb.
     0 | D:1      | Reached XP level 1. HP: 9/9 MP: 5/5
   175 | D:1      | Reached XP level 2. HP: 13/14 MP: 4/6
   180 | D:1      | Learned a level 2 spell: Ensorcelled Hibernation
   907 | D:1      | Slain by a dart slug

Action                   || total
-------------------------++-------
Melee: Dagger            ||    93
 Cast: Corona            ||     1
       Ensorcelled Hiber ||     8
 Stab: Sleeping          ||     7
Armor: Robe              ||    16
Dodge: Dodged            ||    90
Block: Other             ||     5
